 Dungeon Crawl Stone Soup version 0.18.1-6-gd335043 (webtiles) character file.

403 oplop the Grave Robber (level 6, -1/41 HPs)
             Began as a Vampire Necromancer on May 17, 2016.
             Was an Initiate of Ashenzari.
             Slain by a sky beast (5 damage)
             ... on level 5 of the Dungeon.
             The game lasted 00:09:10 (2550 turns).

oplop the Grave Robber (Vampire Necromancer)        Turns: 2550, Time: 00:09:11

Health: -1/41      AC:  3    Str:  7    XL:     6   Next: 55%
Magic:  6/11       EV: 14    Int: 18    God:    Ashenzari [......]
Gold:   265        SH:  0    Dex: 16    Spells: 4 memorised, 3 levels left

rFire  x . .     SeeInvis +     n - +1 dagger (freeze)
rCold  + . .     Gourm    .     a - +0 robe
rNeg   + . .     Faith    .     (no shield)
rPois  .         Spirit   .     (no helmet)
rElec  .         Dismiss  .     (no cloak)
rCorr  .         Reflect  .     s - +0 pair of gloves
SustAt .         Harm     .     (no boots)
MR     .....                    i - amulet of regeneration
Stlth  +++.......               (no ring)
                                q - ring of ice

@: not resistant to hostile enchantments, fairly stealthy
A: fangs 3, see invisible, unbreathing
a: Bat Form, Curse Item, Renounce Religion


You were on level 5 of the Dungeon.
You worshipped Ashenzari.
Ashenzari was noncommittal.
You were not thirsty.

You visited 2 branches of the dungeon, and saw 6 of its levels.

You collected 265 gold pieces.

Inventory:

Hand Weapons
 n - a +1 dagger of freezing (weapon)
Armour
 a - a +0 robe (worn)
 s - a +0 pair of gloves (worn)
Jewellery
 i - an amulet of regeneration (around neck)
 j - an uncursed amulet of guardian spirit
 q - a ring of ice (left hand)
Wands
 o - a wand of confusion (36/48)
 u - a wand of digging (12/24)
Scrolls
 e - 2 scrolls of magic mapping
 k - 2 scrolls of amnesia
 r - a scroll of remove curse
 w - a scroll of immolation {unknown}
 x - a scroll of identify
Potions
 d - a potion of might
 f - 2 potions of flight {unknown}
 g - 7 potions of curing {unknown}
 h - 2 potions of cure mutation {unknown}
 l - 2 potions of lignification
 m - a potion of cancellation {unknown}
 p - a potion of mutation {unknown}
 v - a potion of agility {unknown}
Books
 b - a book of Necromancy

   Spells                             Type                      Level
   a - Pain                           Necromancy                   1
   b - Animate Skeleton               Necromancy                   1
   c - Vampiric Draining              Necromancy                   3
   d - Regeneration                   Charms/Necromancy            3
   e - Animate Dead                   Necromancy                   4
   f - Control Undead                 Necromancy                   4
 t - a book of Air

   Spells                             Type                      Level
   a - Shock                          Conjuration/Air              1
   b - Swiftness                      Charms/Air                   2
   c - Repel Missiles                 Charms/Air                   2
   d - Static Discharge               Conjuration/Air              3
   e - Lightning Bolt                 Conjuration/Air              5


   Skills:
 + Level 4.3 Dodging
 + Level 5.4 Stealth
 + Level 3.8 Spellcasting
 + Level 5.8 Necromancy


You had 3 spell levels left.
You knew the following spells:

 Your Spells              Type           Power        Failure   Level  Hunger
a - Pain                  Necr           ###.         1%          1    None
b - Animate Skeleton      Necr           N/A          1%          1    None
c - Vampiric Draining     Necr           ###.......   4%          3    ###....
d - Animate Dead          Necr           N/A          17%         4    ####...


Dungeon Overview and Level Annotations

Branches:
Dungeon (5/15)             Temple (1/1) D:4

Altars:
Ashenzari
Dithmenos
Elyvilon
Fedhas
Kikubaaqudgha
Nemelex Xobeh
Okawaru
Pakellas
Qazlal
Trog
Vehumet
Xom
Yredelemnul
Zin
The Shining One

Shops:
D:5 [

Annotations:
D:3 Grinder


Innate Abilities, Weirdness & Mutations

You have razor-sharp teeth.
You have supernaturally acute eyesight.
You can survive without breathing.


Message History

Aiming: Pain
Press: ? - help, Shift-Dir - straight line, f/p - sky beast
Aim: a sky beast (moderately wounded, chance to defeat MR: 83%)
The sky beast barely resists.
The sky beast hits you. The sky beast shocks you.
Casting: Pain
Confirm with . or Enter, or press ? or * to list all spells.
Aiming: Pain
Press: ? - help, Shift-Dir - straight line, f/p - sky beast
Aim: a sky beast (moderately wounded, chance to defeat MR: 83%)
The sky beast convulses in agony!
The sky beast hits you.
* * * LOW HITPOINT WARNING * * *
The sky beast shocks you.
* * * LOW HITPOINT WARNING * * *
Casting: Pain
Confirm with . or Enter, or press ? or * to list all spells.
Aiming: Pain
Press: ? - help, Shift-Dir - straight line, f/p - sky beast
Aim: a sky beast (heavily wounded, chance to defeat MR: 83%)
The sky beast convulses in agony!
The sky beast hits you.
You die...

#.# #.. ..##. ..
##..# ###.##.#.#
#.... .........##
#.#.# #.........
#.#.# #.#.##...#
#.#.# #.#.##...#
#.#.###.#.##.Y$#
####.........##.@.#
..................#
######...........##
#.###.###...#
#.###.###......
#∩.>....<....$.l.
#.#######.#######
######.## #.#
........# #.#


You could see a sky beast.

Vanquished Creatures
  An ice beast (D:3)
  An orc priest (D:3)
  2 orc wizards (D:3)
  A worker ant (D:4)
  A hound skeleton (D:4)
  4 gnolls (D:4)
  7 adders
  A worm (D:4)
  A dart slug (D:2)
  4 giant geckos
  5 orcs (D:3)
  9 ball pythons
  6 goblins
  4 hobgoblins
  2 jackals (D:3)
  10 kobolds
  9 bats
  3 giant newts
  A quokka skeleton (D:4)
  4 rats
76 creatures vanquished.

Vanquished Creatures (collateral kills)
  An adder (D:2)
  A jackal (D:3)
  A kobold (D:2)
  A rat (D:3)
4 creatures vanquished.

Grand Total: 80 creatures vanquished

Notes
Turn   | Place    | Note
--------------------------------------------------------------
     0 | D:1      | oplop the Vampire Necromancer began the quest for the Orb.
     0 | D:1      | Reached XP level 1. HP: 13/13 MP: 3/3
   306 | D:1      | Reached XP level 2. HP: 19/19 MP: 5/5
   598 | D:2      | Learned a level 1 spell: Animate Skeleton
   673 | D:2      | Reached XP level 3. HP: 16/24 MP: 2/6
   709 | D:2      | Found a shadowy altar of Dithmenos.
   709 | D:2      | Found a stormy altar of Qazlal.
   857 | D:2      | Reached XP level 4. HP: 28/30 MP: 3/8
  1172 | D:3      | Noticed an ice beast
  1186 | D:3      | Noticed Grinder
  1235 | D:3      | Reached skill level 5 in Necromancy
  1407 | D:3      | Learned a level 3 spell: Vampiric Draining
  1443 | D:3      | Paralysed by Grinder for 3 turns
  1541 | D:3      | Killed an ice beast
  1541 | D:3      | Reached XP level 5. HP: 35/35 MP: 2/9
  1587 | D:3      | Reached skill level 5 in Stealth
  1611 | D:3      | Reached XP level 6. HP: 32/41 MP: 3/11
  1868 | D:3      | Noticed a moth of wrath
  1871 | D:3      | Found a bloodstained altar of Trog.
  1909 | D:4      | Learned a level 4 spell: Animate Dead
  2058 | D:4      | Found a staircase to the Ecumenical Temple.
  2078 | Temple   | Entered the Ecumenical Temple
  2163 | Temple   | Became a worshipper of Ashenzari the Shackled
  2521 | D:5      | Entered Level 5 of the Dungeon
  2521 | D:5      | Found Sounkuth's Armour Emporium.
  2542 | D:5      | Noticed a sky beast
  2550 | D:5      | Slain by a sky beast

Skill      XL: |  1  2  3  4  5 |
---------------+----------------+-----
Dodging        | 3 4 |  4.3
Stealth        | 4 5 |  5.4
Necromancy     | 5 |  5.8
Spellcasting   | 3 |  3.8

Action                   |  1- 3 |  4- 6 || total
-------------------------+-------+-------++-------
Melee: Short sword       |    38 |    46 ||    84
       Bite              |     2 |     6 ||     8
       Unarmed           |       |    13 ||    13
       Dagger            |       |    59 ||    59
 Cast: Pain              |    23 |    52 ||    75
       Animate Skeleton  |     3 |    10 ||    13
       Animate Dead      |       |     1 ||     1
       Vampiric Draining |       |     1 ||     1
  Use: Scroll            |       |     9 ||     9
       Potion            |       |     1 ||     1
 Stab: Sleeping          |     4 |     9 ||    13
  Eat: Corpse            |     8 |     5 ||    13
Armor: Robe              |     6 |    18 ||    24
       Skin              |       |    10 ||    10
Dodge: Dodged            |    44 |   112 ||   156
